 Dungeon Crawl Stone Soup version 0.31-a0-640-g39d97e502b (webtiles) character file.

Game seed: 3162589075236234461

314 Babbit the Ruffian (level 6, -8/45 (48) HPs)
             Began as a Draconian Shapeshifter on Aug 27, 2023.
             Mangled by a wight
             ... wielding a +3 long sword
              (11 damage)
             ... on level 4 of the Dungeon.
             The game lasted 00:14:15 (2477 turns).

Babbit the Ruffian (Draconian Shapeshifter)         Turns: 2477, Time: 00:14:15

HP:   -8/45 (48)    AC:  6    Str: 18    XL:     6   Next: 19%
MP:   6/6           EV: 13    Int: 10    God:
Gold: 156           SH:  0    Dex: 17    Spells: 5/5 levels left

rFire   . . .        k - +1 short sword (venom)
rCold   . . .        (no shield)
rNeg    . . .        (body armour unavailable)
rPois   .            (helmet currently unavailable)
rElec   .            (cloak currently unavailable)
rCorr   .            (gloves currently unavailable)
SInv    .            (boots currently unavailable)
Will    .....        d - amulet of the acrobat
Stlth   ++           h - +6 ring of dexterity
HPRegen 0.27/turn    (no ring)
MPRegen 0.10/turn

%: acrobat
@: mighty, beast-form, drained
A: beast (slay +2), AC +6, unfitting armour, cold-blooded
a: Begin Untransformation


You were on level 4 of the Dungeon.
You were a hulking beast.
You visited 1 branch of the dungeon, and saw 4 of its levels.

You collected 156 gold pieces.

Inventory:

Hand Weapons
 k - a +1 short sword of venom (weapon)
Jewellery
 d - an amulet of the acrobat (around neck)
 h - a +6 ring of dexterity (left hand)
 i - an amulet of faith
Talismans
 b - a beast talisman (active)
 c - a flux talisman
Scrolls
 e - a scroll of amnesia {unknown}
 f - a scroll of summoning {unknown}
 l - a scroll of teleportation {unknown}
 m - 2 scrolls of noise {unknown}
 o - 2 scrolls of revelation {unknown}
Potions
 a - 2 potions of lignification
 n - a potion of curing


   Skills:
 + Level 1.8 Fighting
 + Level 1.6 Short Blades
 + Level 3.1 Dodging
 + Level 2.1 Stealth
 + Level 4.5 Unarmed Combat
 + Level 3.8 Shapeshifting


You had 5 spell levels left.
You didn't know any spells.
Your spell library was empty.

Dungeon Overview and Level Annotations

Branches:
Dungeon (4/15)
 Temple: D:4-7

Altars:

Shops:
D:2 (   D:3 !(


Innate Abilities, Weirdness & Mutations

You are a hulking beast.
Your limbs bulge with bestial killing power. (Slay +2)
Your plain brown scales are hard. (AC +6)
You cannot fit into any form of body armour.
You are cold-blooded and may be slowed by cold attacks.


Message History

The orc shouts!
You hear an angry hiss.
You hit the orc.
The orc is poisoned.
The orc is almost dead.
The orc hits you but does no damage.
A wight comes into view. It is wielding a +0 battleaxe.
A wight comes into view. It is wielding a +3 long sword.
You puncture the orc!
You kill the orc!
Found a stone staircase leading down.
The wight closely misses you.
Things that are here:
a +0 flail; an orc corpse You hit the wight but do no damage.
Your tail-slap misses the wight.
You hit the wight.
You tail-slap the wight, but do no damage.
The wight is moderately damaged.
You hit the wight but do no damage.
The wight is moderately damaged.
The wight closely misses you. x2
The wight hits you with a +3 long sword!
You feel drained.
You hit the wight.
The wight is severely damaged.
You hit the wight but do no damage.
The wight is severely damaged.
The wight barely misses you. x2; The wight closely misses you.
You hit the wight but do no damage.
The wight is severely damaged.
The wight misses you. The wight hits you with a +0 battleaxe!
The wight barely misses you.
You feel very mighty all of a sudden. The wight barely misses you.
The wight hits you with a +3 long sword.
You feel drained.
* * * LOW HITPOINT WARNING * * *
The wight hits you with a +3 flail!
* * * LOW HITPOINT WARNING * * *
You hit the wight but do no damage. You tail-slap the wight.
You destroy the wight!
The wight hits you with a +3 long sword!
You die...

......>####
.........
........
#....).
+.....#
#.....+
#..z)z#
#...h.#
#.....#
.###.....##
.#
[.........+
.#
##......###
.# #........+
.# #......###
.#
#+#......####
.#
............#


You could see 2 wights.

Vanquished Creatures
  Sigmund (D:3)
  A wight (D:4)
  A jelly (D:4)
  An iguana (D:4)
  2 adders
  2 dart slugs
  9 orcs
  8 bats
  5 endoplasms
  3 giant cockroaches
  7 goblins
  2 hobgoblins
  2 quokkas
  4 ball pythons
  5 frilled lizards
  4 kobolds
  12 rats
69 creatures vanquished.

Notes
Turn   | Place    | Note
-------+----------+-------------------------------------------
     0 | D:1      | Babbit the Draconian Shapeshifter began the quest for the
                  | Orb.
     0 | D:1      | Reached XP level 1. HP: 16/16 MP: 1/1
   155 | D:1      | Reached XP level 2. HP: 23/23 MP: 2/2
   565 | D:2      | Reached XP level 3. HP: 28/28 MP: 3/3
  1024 | D:2      | Found Ynedd's Antique Weapon Emporium.
  1415 | D:3      | Found a transporter.
  1415 | D:3      | Found Miamean's Distillery.
  1417 | D:3      | Found a transporter.
  1720 | D:3      | Reached XP level 4. HP: 35/35 MP: 4/4
  1753 | D:3      | Found Lownidef's Antique Weapon Shoppe.
  1832 | D:3      | Found a faded altar of an unknown god.
  2062 | D:3      | Noticed Sigmund
  2078 | D:3      | Killed Sigmund
  2079 | D:3      | Reached skill level 1 in Short Blades
  2079 | D:3      | Reached skill level 1 in Stealth
  2079 | D:3      | Reached skill level 4 in Unarmed Combat
  2079 | D:3      | Reached XP level 5. HP: 39/41 MP: 5/5
  2258 | D:4      | Reached XP level 6. HP: 48/48 MP: 6/6
  2476 | D:4      | HP: 2/45 [wight/+3 flail (10)]
  2477 | D:4      | Mangled by a wight

Illustrated notes

Levels and vault maps discovered:
D:1:      dpeg_arrival_ratfight, layout_rooms, serial_forest,
          infiniplex_forest_end_2, infiniplex_forest_clump_diagonal,
          infiniplex_forest_clump_double, infiniplex_forest_clump_double,
          infiniplex_forest_clump_tiny, infiniplex_forest_clump_small,
          infiniplex_forest_lined_room_2, hangedman_abyss_or_decor_lesser_grid
D:2:      layout_loops_ring, serial_shops, nicolae_shop_overgrown_old_shop
D:3:      layout_rooms, shapermc_ecumenical_altar_totnotflames, serial_shops,
          nicolae_shop_drivethru, shop, minivault_26,
          kennysheep_cross_bottleneck, uniq_sigmund
D:4:      layout_basic

Skill      XL: |  1  2  3  4  5 |
---------------+----------------+-----
Dodging        | 2 3 |  3.1
Short Blades   | 1 |  1.6
Stealth        | 1 2 |  2.1
Unarmed Combat | 4 |  4.5
Fighting       | |  1.8
Shapeshifting  | |  3.8

Action                     |  1- 3 |  4- 6 || total
---------------------------+-------+-------++-------
  Melee: Unarmed           |   109 |       ||   109
         Tailslap          |    16 |    10 ||    26
         Short sword       |    15 |    49 ||    64
    Use: Scroll            |     3 |       ||     3
         Potion            |       |     1 ||     1
   Stab: Sleeping          |     6 |     3 ||     9
 Armour: Skin              |    28 |    10 ||    38
  Dodge: Dodged            |    84 |    39 ||   123

Table legend: (Time is in decaauts)
 A = Elapsed time spent in this place.
 B = Non-inter-level travel time spent in this place.
 C = Inter-level travel time spent in this place.
 D = Time resting spent in this place.
 E = Time spent auto-exploring this place.
 F = Levels seen in this place.
 G = Mean time per level.
                   A        B        C        D        E       F      G
               +--------+--------+--------+--------+--------+-----+--------+
         Total |   2465 |   2401 |     64 |    305 |   1669 |   4 |  616.2 |
       Dungeon |   2465 |   2401 |     64 |    305 |   1669 |   4 |  616.2 |
               +--------+--------+--------+--------+--------+-----+--------+

Top non-repeatable levels by time:
     D:3: 890 daAuts
     D:2: 757 daAuts
     D:1: 501 daAuts
     D:4: 315 daAuts
